 Dungeon Crawl Stone Soup version 0.23-a0-550-g7de1f8ee9f (webtiles) character file.

47 Warius the Gusty (level 3, -1/19 HPs)
             Began as a Tengu Air Elementalist on Dec 8, 2018.
             Slain by an adder (4 damage)
             ... on level 1 of the Dungeon.
             The game lasted 00:13:05 (2052 turns).

Warius the Gusty (Tengu Air Elementalist)           Turns: 2052, Time: 00:13:06

Health: -1/19      AC:  2    Str:  8    XL:     3   Next: 70%
Magic:  0/7        EV: 13    Int: 16    God:
Gold:   45         SH:  0    Dex: 14    Spells: 3/6 levels left

rFire    . . .     SeeInvis .   d - +0 whip
rCold    . . .     Gourm    .   (no shield)
rNeg     . . .     Faith    .   a - +0 robe
rPois    .         Spirit   +   (helmet restricted)
rElec    .         Reflect  .   f - scarf {Spirit}
rCorr    .         Harm     .   (no gloves)
MR       .....                  (boots unavailable)
Stlth    ++........             (no amulet)
HPRegen  0.06/turn              (no ring)
MPRegen  0.10/turn              (no ring)

@: lethally poisoned (-1 -> -16), sluggish, very slow
A: beak, talons 3
a: no special abilities


You were on level 1 of the Dungeon.
You were not hungry.

You visited 1 branch of the dungeon, and saw 2 of its levels.

You collected 45 gold pieces.

Inventory:

Hand Weapons
 d - a +0 whip (weapon)
Missiles
 e - 41 stones (quivered)
Armour
 a - a +0 robe (worn)
 f - a scarf of spirit shield (worn)
Scrolls
 b - a scroll of enchant armour {unknown}
 g - a scroll of blinking {unknown}
 h - a scroll of teleportation {unknown}
Potions
 i - a potion of heal wounds {unknown}
Comestibles
 c - a ration


   Skills:
 + Level 2.7 Dodging
 - Level 2.4 Stealth
 * Level 2.3 Spellcasting
 * Level 2.3 Conjurations
 * Level 4.5 Air Magic


You had 3 spell levels left.
You knew the following spells:

 Your Spells              Type           Power        Failure   Level  Hunger
a - Shock                 Conj/Air       ##..         4%          1    #......
b - Swiftness             Chrm/Air       #.......     12%         2    ###....

Your spell library contained the following spells:

 Spells                   Type           Power        Failure   Level  Hunger
 Static Discharge         Conj/Air       ##......     14%         3    ###....
 Airstrike                Air            ###.......   30%         4    #####..
 Lightning Bolt           Conj/Air       ##........   80%         5    ######.


Dungeon Overview and Level Annotations

Branches:
Dungeon (2/15)

Altars:


Innate Abilities, Weirdness & Mutations

You have a beak for a mouth.
You have claws for feet.


Message History

The adder poisons you! A mysterious force pulls you upwards.
The hatch slams shut behind you.
You feel sick.
You closely miss the adder. Your kick misses the adder.
The adder is heavily wounded.
You feel sick. The adder bites you.
You are lethally poisoned!
The adder poisons you! The adder closely misses you.
You barely miss the adder.
The adder is heavily wounded.
The adder misses you. The adder bites you. x2
* * * LOW HITPOINT WARNING * * *
You are more poisoned.
The adder poisons you! The adder bites you.
* * * LOW HITPOINT WARNING * * *
You miss the adder. Your kick misses the adder.
The adder is heavily wounded.
* * * LOW HITPOINT WARNING * * *
You feel sick. The adder bites you.
You die...

#.....# #.#..# #.#
#.....# #....# #.#
#.....#####.######.# #
#................#.# #
#.....#####.####.#.# #
#.....##..#.# #.#.# #
#.....##..#.# #.#.#
###.........#.####.#.#
..#.....##.##..S@S.#.#
..#...........######.#
.........#.#..# #.#
.........#.#[.# #.#
..#....#.#.#..# #.#
########.#....# #.#
#.#.#.#######.#
#)#.#.........#
#.##################


You could see 2 adders.

Vanquished Creatures
  2 dart slugs (D:1)
  A leopard gecko (D:1)
  3 bats (D:1)
  2 giant cockroaches (D:1)
  7 goblins
  9 hobgoblins (D:1)
  4 jackals (D:1)
  A frilled lizard (D:1)
  5 kobolds
  6 rats (D:1)
40 creatures vanquished.

Notes
Turn   | Place    | Note
-------+----------+-------------------------------------------
     0 | D:1      | Warius the Tengu Air Elementalist began the quest for the
                  | Orb.
     0 | D:1      | Reached XP level 1. HP: 10/10 MP: 4/4
   432 | D:1      | Reached XP level 2. HP: 15/15 MP: 3/6
   864 | D:1      | Reached XP level 3. HP: 19/19 MP: 5/7
  1715 | D:1      | Learned a level 2 spell: Swiftness
  2052 | D:1      | Slain by an adder

Vault maps used:
D:1:      dpeg_arrival_renting, hangedman_decor_push
D:2:      minmay_evil_eye, tso_metal_star, first_ration,
          minmay_misc_feat_more_columns, cheibrodos_gnoll_hut

Skill      XL: |  1  2 |
---------------+-------+-----
Conjurations   | 2 |  2.3
Dodging        | |  2.7
Stealth        | |  2.4
Spellcasting   | |  2.3
Air Magic      | |  4.5

Action                   || total
-------------------------++-------
Melee: Unarmed           ||     8
       Whip              ||     6
       Peck              ||     1
 Cast: Shock             ||    74
       Swiftness         ||     3
  Eat: Chunk             ||     2
       Ration            ||     1
Armor: Robe              ||     5
Dodge: Dodged            ||    24

Table legend:
 A = Non-vault XP
 B = Vault XP
 C = Vault XP percentage of total XP
 D = Non-vault monster count
 E = Vault monster count
 F = Vault count percentage of total count
                 A         B        C        D         E       F
            +---------+---------+-------+---------+---------+-------
      Total |      67 |       1 |   1.5 |      39 |       1 |   2.5
            +---------+---------+-------+---------+---------+-------
        D:1 |      63 |       0 |   0.0 |      36 |       0 |   0.0
        D:2 |       4 |       1 |  20.0 |       3 |       1 |  25.0
            +---------+---------+-------+---------+---------+-------
